 Dungeon Crawl Stone Soup version 0.24-a0-517-gd52e2fb918 (webtiles) character file.

Game seed: 16420455405924387322

4925 delarado the Geomancer (level 10, -2/82 HPs)
             Began as a Deep Dwarf Earth Elementalist on July 18, 2019.
             Was a Priest of Makhleb.
             Slain by a two-headed ogre
             ... wielding a +0 giant club
              (12 damage)
             ... on level 11 of the Dungeon on July 22, 2019.
             The game lasted 01:34:35 (15062 turns).

delarado the Geomancer (DDEE)                      Turns: 15062, Time: 01:34:35

Health: -2/82      AC: 11    Str: 14    XL:     10   Next: 27%
Magic:  7/11       EV: 12    Int: 17    God:    Makhleb [***...]
Gold:   481        SH:  0    Dex: 13    Spells: 1/16 levels left

rFire    . . .     SeeInvis .   C - +3 dagger
rCold    . . .     Gourm    .   (no shield)
rNeg     + . .     Faith    .   A - +0 acid dragon scales
rPois    .         Spirit   .   x - +2 helmet
rElec    .         Reflect  .   (no cloak)
rCorr    +         Harm     .   (no gloves)
MR       +....                  B - +0 pair of boots
Stlth    ++........             E - amulet of the acrobat (curse)
HPRegen  0.00/turn              u - ring of wizardry
MPRegen  0.12/turn              z - ring of positive energy

@: non-regenerating
A: damage resistance, heal wounds, sense surroundings 2, no regeneration
a: Heal Wounds, Minor Destruction, Lesser Servant of Makhleb, Renounce Religion


You were on level 11 of the Dungeon.
You worshipped Makhleb.
Makhleb was most pleased with you.
You were not hungry.

You visited 2 branches of the dungeon, and saw 12 of its levels.

You collected 481 gold pieces.

Inventory:

Hand Weapons
 j - a +0 short sword
 C - a +3 dagger (weapon)
Missiles
 v - 31 poisoned darts
 w - 51 sling bullets
 y - 103 stones
 I - 8 boomerangs (quivered)
Armour
 c - a +0 robe
 g - a +0 ring mail
 h - a +0 leather armour
 n - a +0 scale mail
 x - a +2 helmet (worn)
 A - +0 acid dragon scales (worn)
 B - a +0 pair of boots (worn)
 D - a +0 chain mail
Jewellery
 a - a +1 ring of slaying
 i - an uncursed ring of ice
 u - a ring of wizardry (left hand)
 z - a ring of positive energy (right hand)
 E - a cursed amulet of the acrobat (around neck)
 K - an uncursed ring of positive energy
 L - an uncursed amulet of rage
Wands
 F - a wand of enslavement (10)
Scrolls
 l - a scroll of teleportation
 q - a scroll of remove curse
 t - 5 scrolls of fog
 G - a scroll of enchant weapon {unknown}
Potions
 b - a potion of resistance
 e - a potion of lignification
 f - 3 potions of curing
 k - a potion of flight
 m - a potion of cancellation {unknown}
 o - a potion of invisibility {unknown}
 p - 3 potions of haste {unknown}
 r - 4 potions of agility
 s - 2 potions of magic
 H - a potion of degeneration {unknown}
 J - 2 potions of berserk rage {unknown}
Comestibles
 d - 3 rations


   Skills:
 + Level 2.8 Fighting
 - Level 5.0 Armour
 - Level 3.1 Dodging
 - Level 4.0 Stealth
 - Level 3.5 Spellcasting
 - Level 4.5 Conjurations
 - Level 6.2 Transmutations
 - Level 12.0 Earth Magic
 - Level 5.5 Invocations


You had one spell level left.
You knew the following spells:

 Your Spells              Type           Power        Failure   Level  Hunger
a - Sandblast             Erth           #####.       1%          1    None
b - Passwall              Tmut/Erth      ####....     1%          2    ##.....
c - Stone Arrow           Conj/Erth      ####..       1%          3    ###....
d - Petrify               Tmut/Erth      ####....     2%          4    ####...
e - Lee's Rapid Deconstr  Erth           #####.....   1%          5    ######.

Your spell library contained the following spells:

 Spells                   Type           Power        Failure   Level  Hunger
 Flame Tongue             Conj/Fire      ##...        3%          1    None
 Throw Flame              Conj/Fire      ##....       6%          2    ##.....
 Conjure Flame            Conj/Fire      ##......     11%         3    ###....
 Inner Flame              Hex/Fire       #.......     26%         3    ###....
 Sticky Flame             Conj/Fire      ##......     32%         4    ####...
 Fireball                 Conj/Fire      ##........   65%         5    ######.


Dungeon Overview and Level Annotations

Branches:
Dungeon (11/15)            Temple (1/1) D:5
   Lair: D:8-11         Orc: D:9-12

Altars:
Ashenzari
Cheibriados
Dithmenos
Elyvilon
Fedhas
Hepliaklqana
Kikubaaqudgha
Makhleb
Qazlal
Ru
Sif Muna
Trog
Uskayaw
Wu Jian
Xom
Yredelemnul
Zin
The Shining One

Shops:
D:4 }

Annotations:
D:7 Joseph
D:9 Psyche


Innate Abilities, Weirdness & Mutations

You are resistant to damage.
You can heal yourself by infusing magical energy.
You passively map the area around you.
You do not regenerate.


Message History

The two-headed ogre closely misses you.
The two-headed ogre hits you with a +0 giant spiked club!
The orc wizard casts a spell.
The orc wizard flickers and vanishes!
Deactivating autopickup; reactivate with Ctrl-A.
You hit the two-headed ogre.
The two-headed ogre is lightly wounded.
The two-headed ogre hits you with a +0 giant club.
The two-headed ogre hits you with a +0 giant spiked club!!
* * * LOW HITPOINT WARNING * * *
You hit the two-headed ogre.
The two-headed ogre is lightly wounded.
The two-headed ogre barely misses you. x2
You barely miss the two-headed ogre.
The two-headed ogre is lightly wounded.
The orc misses you.
You hit the two-headed ogre.
The two-headed ogre is lightly wounded.
The two-headed ogre hits you with a +0 giant club!
You die...

, , * ,, *
,, *### *
∩ , , ,
,,..# , ,
* * #
*##.# * ,*
* * ,, #.,
#... , , *
, * ##..
#..#* * ,
,
.....,..#
, *
#....o#o#
, ,
.....)O@#
*
*###.#####


You could see a two-headed ogre, an orc warrior and an orc.

Vanquished Creatures
  Maurice (D:10)
  A hornet (D:8)
  A hippogriff (D:8)
  An acid dragon (D:10)
  An orc warrior (D:8)
  2 sky beasts
  A phantom (D:6)
  3 ice beasts
  4 ogres
  4 centaurs
  A big kobold (D:6)
  Blork the orc (D:6)
  5 bullfrogs
  3 scorpions
  6 killer bees
  9 wights
  2 howler monkeys (D:7)
  A centaur zombie (D:6)
  A bullfrog zombie (D:5)
  3 crimson imps
  A quasit (D:7)
  4 hounds
  5 jellies
  A bullfrog skeleton (D:8)
  2 orc priests (D:8)
  10 orc wizards
  An iguana (D:8)
  Terence (D:3)
  Ijyb (D:3)
  11 worker ants
  2 hound skeletons
  Robin (D:3)
  4 gnolls (D:3)
  10 adders
  An ooze (D:1)
  An adder zombie (D:6)
  2 worms
  A dart slug (D:1)
  5 leopard geckos
  38 orcs
  9 bats
  5 giant cockroaches
  15 goblins
  13 hobgoblins
  9 jackals
  3 quokkas
  4 frilled lizards
  9 kobolds
  A leopard gecko skeleton (D:4)
  A quokka skeleton (D:9)
  8 rats
230 creatures vanquished.

Notes
Turn   | Place    | Note
-------+----------+-------------------------------------------
     0 | D:1      | delarado the Deep Dwarf Earth Elementalist began the quest
                  | for the Orb.
     0 | D:1      | Reached XP level 1. HP: 15/15 MP: 3/3
   183 | D:1      | Reached skill level 5 in Earth Magic
   183 | D:1      | Reached XP level 2. HP: 22/22 MP: 2/4
   218 | D:1      | Learned a level 2 spell: Passwall
   267 | D:1      | Reached skill level 1 in Transmutations
   796 | D:1      | Reached XP level 3. HP: 22/28 MP: 5/5
  1586 | D:2      | Learned a level 3 spell: Stone Arrow
  1682 | D:2      | Found a hide-covered altar of Uskayaw.
  1684 | D:2      | Noticed a +0 dagger
  1684 | D:2      | Noticed a +0 dagger
  2098 | D:3      | Noticed Terence
  2103 | D:3      | Killed Terence
  2103 | D:3      | Reached XP level 4. HP: 30/36 MP: 0/7
  2277 | D:3      | Found a glowing silver altar of Zin.
  2290 | D:2      | Upgraded the game from 0.24-a0-504-gcfb02b9d07 to
                  | 0.24-a0-507-g3e8b242632
  2541 | D:3      | Reached skill level 6 in Earth Magic
  2659 | D:3      | Found a white marble altar of Elyvilon.
  2785 | D:3      | Noticed Robin
  3068 | D:3      | Noticed Ijyb
  3293 | D:3      | Reached skill level 1 in Conjurations
  3295 | D:3      | Reached XP level 5. HP: 25/42 MP: 0/8
  4022 | D:3      | Killed Robin
  4236 | D:3      | Killed Ijyb
  4367 | D:4      | Reached skill level 7 in Earth Magic
  4376 | D:4      | Reached XP level 6. HP: 48/49 MP: 1/9
  6175 | D:4      | Found Kesinurph's Gadget Shoppe.
  6217 | D:4      | Reached skill level 8 in Earth Magic
  6296 | D:4      | Reached XP level 7. HP: 54/55 MP: 0/10
  6449 | D:4      | Upgraded the game from 0.24-a0-507-g3e8b242632 to
                  | 0.24-a0-509-ga1643a6788
  6454 | D:4      | Learned a level 4 spell: Petrify
  6476 | D:5      | Entered Level 5 of the Dungeon
  6713 | D:5      | Found a staircase to the Ecumenical Temple.
  6719 | Temple   | Entered the Ecumenical Temple
  6777 | Temple   | Became a worshipper of Makhleb the Destroyer
  7534 | D:5      | Reached skill level 9 in Earth Magic
  8114 | D:6      | Reached XP level 8. HP: 54/62 MP: 4/11
  8635 | D:6      | Found a shattered altar of Ashenzari.
  8801 | D:6      | Reached skill level 10 in Earth Magic
  8855 | D:6      | Noticed Blork the orc
  8857 | D:6      | Paralysed by Blork the orc for 7 turns
  8866 | D:6      | Killed Blork the orc
  9212 | D:6      | Reached skill level 5 in Transmutations
  9381 | D:6      | Found an ancient bone altar of Kikubaaqudgha.
  9383 | D:6      | Found a shadowy altar of Dithmenos.
  9658 | D:6      | Reached * piety under Makhleb
  9931 | D:7      | Reached skill level 11 in Earth Magic
  9978 | D:7      | Noticed Joseph
  9979 | D:7      | Upgraded the game from 0.24-a0-509-ga1643a6788 to
                  | 0.24-a0-516-g9de272bb65
 10404 | D:6      | Gained mutation: You passively map the area around you.
                  | [Deep Dwarf growth]
 10404 | D:6      | Reached XP level 9. HP: 17/68 MP: 2/12
 10528 | D:7      | HP: 3/68 [killer bee (7)]
 10529 | D:6      | HP: 1/68 [poisoned by a killer bee]
 10656 | D:4      | Upgraded the game from 0.24-a0-516-g9de272bb65 to
                  | 0.24-a0-517-gd52e2fb918
 10822 | D:7      | Reached skill level 1 in Fighting
 10893 | D:7      | Reached skill level 1 in Armour
 11435 | D:6      | Reached ** piety under Makhleb
 11759 | D:8      | Learned a level 5 spell: Lee's Rapid Deconstruction
 12137 | D:8      | Reached skill level 1 in Invocations
 12974 | D:8      | Paralysed by a hornet for 2 turns
 13256 | D:8      | Reached skill level 12 in Earth Magic
 13433 | D:9      | Reached *** piety under Makhleb
 13628 | D:9      | Reached XP level 10. HP: 35/82 MP: 8/14
 13732 | D:9      | Noticed Psyche
 13842 | D:9      | Noticed a red ugly thing
 13843 | D:9      | HP: 1/82 [red ugly thing (17)]
 14098 | D:10     | Entered Level 10 of the Dungeon
 14338 | D:10     | Reached skill level 5 in Armour
 14412 | D:10     | Noticed Maurice
 14475 | D:10     | Killed Maurice
 14475 | D:10     | Reached skill level 5 in Invocations
 14964 | D:11     | Noticed a two-headed ogre
 15062 | D:11     | Slain by a two-headed ogre

Levels and vault maps discovered:
D:1:      moated_graveyard_arrival, layout_loops_cross, minmay_ruptured
D:2:      layout_loops_corners, dancing_weapons_uskayaw
D:3:      layout_rooms, elyvilon_altar_5, zin_treasury,
          kennysheep_generic_room_12, uniq_terence, uniq_robin, uniq_ijyb
D:4:      layout_loops_cross, first_ration, serial_shops, shop
D:5:      layout_gridville, minmay_temple_entry_gardened_gates
D:6:      layout_basic, minitemple, cheibrodos_ashenzari_chains,
          lightli_ossuary_entry_decrepit_ruins, uniq_blork_the_orc
D:7:      layout_cave_pools, nicolae_overflow_crystal_walls, uniq_joseph
D:8:      layout_basic
D:9:      layout_roguey, grunt_temple_overflow_opulence,
          okawaru_altar_gauntlet_db, the_bakery, uniq_psyche, uniq_pikel
D:10:     layout_cave_pools, uniq_maurice
D:11:     layout_loops_corners, dpeg_lair_monsters, enter_bailey_1,
          portal_ice_cave_entry_pillars_1
Temple:   nicolae_temple_x_marks_the_god

Skill      XL: |  1  2  3  4  5  6  7  8  9 10 |
---------------+-------------------------------+-----
Earth Magic    | 5 6 7 8 9 11 12 | 12.0
Transmutations | 1 2 4 6 |  6.2
Spellcasting   | 2 3 |  3.5
Conjurations   | 1 2 3 4 |  4.5
Fighting       | 2 |  2.8
Armour         | 4 5 |  5.0
Invocations    | 3 5 |  5.5
Dodging        | 3 |  3.1
Stealth        | 4 |  4.0

Action                   |  1- 3 |  4- 6 |  7- 9 | 10-12 || total
-------------------------+-------+-------+-------+-------++-------
Melee: Dagger            |    32 |    37 |   176 |    72 ||   317
       Spear             |     3 |       |       |       ||     3
Throw: Stone             |    29 |    10 |    27 |       ||    66
       Boomerang         |       |       |    40 |     4 ||    44
 Cast: Sandblast         |    35 |    13 |    77 |    11 ||   136
       Stone Arrow       |     6 |    74 |    98 |    16 ||   194
       Petrify           |       |       |    31 |    10 ||    41
       Passwall          |       |       |     1 |       ||     1
       Lee's Rapid Decon |       |       |     3 |     2 ||     5
 Abil: Heal Wounds       |     1 |     2 |     5 |     6 ||    14
Evoke: Wand              |     8 |     5 |     9 |       ||    22
  Use: Scroll            |       |     3 |    14 |     1 ||    18
       Potion            |       |     2 |     1 |       ||     3
 Stab: Sleeping          |     1 |     1 |       |       ||     2
       Petrified         |       |       |    94 |    43 ||   137
       Petrifying        |       |       |     2 |     1 ||     3
  Eat: Chunk             |     5 |    18 |    18 |     3 ||    44
       Ration            |       |     1 |     7 |     2 ||    10
Armor: Leather armour    |    16 |    14 |    30 |       ||    60
       Ring mail         |       |       |    54 |       ||    54
       Scale mail        |       |       |     1 |    10 ||    11
       Acid dragon scale |       |       |       |    13 ||    13
Dodge: Dodged            |    51 |    40 |   137 |    33 ||   261

Table legend:
 A = Non-vault XP
 B = Vault XP
 C = Vault XP percentage of total XP
 D = Non-vault monster count
 E = Vault monster count
 F = Vault count percentage of total count
                 A         B        C        D         E       F
            +---------+---------+-------+---------+---------+-------
      Total |    6348 |     689 |   9.8 |     209 |      21 |   9.1
            +---------+---------+-------+---------+---------+-------
        D:1 |      39 |       6 |  13.3 |      18 |       4 |  18.2
        D:2 |      66 |       8 |  10.8 |      24 |       4 |  14.3
        D:3 |      97 |     100 |  50.8 |      19 |      11 |  36.7
        D:4 |     429 |       0 |   0.0 |      25 |       0 |   0.0
        D:5 |     401 |       0 |   0.0 |      14 |       0 |   0.0
        D:6 |    1296 |      90 |   6.5 |      29 |       1 |   3.3
        D:7 |    1243 |       0 |   0.0 |      28 |       0 |   0.0
        D:8 |    1625 |       0 |   0.0 |      32 |       0 |   0.0
        D:9 |     662 |       0 |   0.0 |      11 |       0 |   0.0
       D:10 |     484 |     485 |  50.1 |       7 |       1 |  12.5
       D:11 |       6 |       0 |   0.0 |       2 |       0 |   0.0
            +---------+---------+-------+---------+---------+-------
